 Dungeon Crawl Stone Soup version 0.29.1-15-g9cfb28693d (webtiles) character file.

Game seed: 13449187034328624383

16 boopmooplesden the Twirler (level 2, -1/25 HPs)
             Began as a Minotaur Gladiator on Mar 11, 2023.
             Slain by a gnoll
             ... wielding a +0 spear
              (5 damage)
             ... on level 2 of the Dungeon.
             The game lasted 00:00:57 (1251 turns).

boopmooplesden the Twirler (Minotaur Gladiator)     Turns: 1251, Time: 00:00:57

Health: -1/25      AC:  6    Str: 18    XL:     2   Next: 41%
Magic:  1/1        EV: 10    Int:  5    God:
Gold:   46         SH:  0    Dex: 11    Spells: 1/1 levels left

rFire   . . .      SeeInvis .   a - +0 quarterstaff
rCold   . . .      Faith    .   (shield currently unavailable)
rNeg    . . .      Spirit   .   f - +0 scale mail
rPois   .          Reflect  .   c - +0 hat
rElec   .          Harm     .   (no cloak)
rCorr   .          Rampage  .   (no gloves)
Will    .....                   (no boots)
Stlth   ..........              (no amulet)
HPRegen 0.08/turn               k - +4 ring of slaying
MPRegen 0.07/turn               (no ring)

@: no status effects
A: horns 2, retaliatory headbutt
a: no special abilities


You were on level 2 of the Dungeon.
You visited 1 branch of the dungeon, and saw 2 of its levels.

You collected 46 gold pieces.

Inventory:

Hand Weapons
 a - a +0 quarterstaff (weapon)
Missiles
 d - 3 throwing nets (quivered)
 e - a javelin
Armour
 b - a +0 leather armour
 c - a +0 hat (worn)
 f - a +0 scale mail (worn)
Jewellery
 k - a +4 ring of slaying (left hand)
Scrolls
 i - a scroll of fear {unknown}
 j - a scroll of poison {unknown}
 l - a scroll of teleportation {unknown}
 n - a scroll of identify {unknown}
Potions
 g - 2 potions of brilliance {unknown}
 h - 2 potions of flight {unknown}
 m - a potion of invisibility {unknown}
 o - a potion of heal wounds {unknown}


   Skills:
 + Level 2.4 Fighting
 + Level 4.1 Staves
 + Level 2.2 Throwing
 + Level 3.5 Dodging


You had one spell level left.
You didn't know any spells.
Your spell library was empty.

Dungeon Overview and Level Annotations

Branches:
Dungeon (2/15)

Altars:

Shops:
D:2 ?


Innate Abilities, Weirdness & Mutations

You have a pair of horns on your head.
You reflexively headbutt those who attack you in melee.


Message History

You hit the hobgoblin.
The hobgoblin is heavily wounded.
The hobgoblin hits you but does no damage.
You closely miss the hobgoblin.
The hobgoblin is heavily wounded.
The hobgoblin hits you.
You sock the hobgoblin!
You kill the hobgoblin!
You see here a hobgoblin corpse.
A bat comes into view.
A bat is nearby!
A bat is nearby!
A bat is nearby!
The bat hits you but does no damage.
You sock the bat!
You kill the bat!
A gnoll comes into view. It is wielding a +0 spear.
A gnoll is nearby!
A gnoll is nearby!
A gnoll is nearby!
A gnoll comes into view. It is wielding a +0 spear.
The gnoll shouts!
A gnoll comes into view. It is wielding a +0 club.
The gnoll barely misses you.
The gnoll shouts!
You sock the gnoll!
The gnoll is heavily wounded.
A gnoll comes into view. It is wielding a +0 whip.
The gnoll hits you but does no damage.
A kobold comes into view. It is wielding a +0 short sword.
The kobold shouts!
The gnoll shouts!
The gnoll hits you with a +0 spear. x2
You sock the gnoll!
The gnoll is severely wounded.
The gnoll hits you with a +0 club. The gnoll hits you with a +0 spear. x2
* * * LOW HITPOINT WARNING * * *
You closely miss the gnoll.
The gnoll is severely wounded.
The gnoll hits you with a +0 spear.
You die...

#####... ...... #
..... .#.##....
........#
.#.....g#######
.....Kgg.......
####@######
###..#.g....#
###.#..........#
###.#..#.#...##...
###.#..#.#'#........
###.#..#.###.#.......
###.#..#.###
..#.......#
#.#..#.###
###...##.## .....###
#...# .#


You could see 4 gnolls and a kobold.

Vanquished Creatures
  2 endoplasms
  2 giant cockroaches (D:1)
  2 goblins
  A hobgoblin (D:2)
  A kobold (D:2)
  A quokka (D:1)
  3 bats
  3 frilled lizards
15 creatures vanquished.

Notes
Turn   | Place    | Note
-------+----------+-------------------------------------------
     0 | D:1      | boopmooplesden the Minotaur Gladiator began the quest for
                  | the Orb.
     0 | D:1      | Reached XP level 1. HP: 18/18 MP: 0/0
   445 | D:1      | Reached XP level 2. HP: 23/25 MP: 1/1
   909 | D:2      | Found Ynloz's Magic Scroll Boutique.
   915 | D:2      | Reached skill level 4 in Staves
  1251 | D:2      | Slain by a gnoll

Illustrated notes

Levels and vault maps discovered:
D:1:      matt_arrival_refuge, layout_basic, serial_bayou_pond_a,
          hangedman_decor_growths
D:2:      minmay_razor_zed, layout_basic, serial_shops, shop, shop

Skill      XL: |  1  2 |
---------------+-------+-----
Staves         | 4 |  4.1
Fighting       | |  2.4
Throwing       | |  2.2
Dodging        | |  3.5

Action                   || total
-------------------------++-------
Melee: Quarterstaff      ||    27
       Headbutt          ||     3
Armor: Scale mail        ||    17
Dodge: Dodged            ||    14
